 Dungeon Crawl Stone Soup version 0.29.1-12-g30fa7ad0bf (webtiles) character file.

Game seed: 16757470453946645051

27325 Radix the Earth Mage (level 13, -4/80 HPs)
             Began as a Gargoyle Cinder Acolyte on Dec 17, 2022.
             Was a Believer of Ignis.
             Slain by an eight-headed hydra (10 damage)
             ... on level 2 of the Lair of Beasts.
             The game lasted 01:54:24 (14033 turns).

Radix the Earth Mage (Gargoyle Cinder Acolyte)     Turns: 14033, Time: 01:54:24

Health: -4/80      AC: 16    Str: 23    XL:     13   Next: 31%
Magic:  24/30      EV: 11    Int: 19    God:    Ignis [**....]
Gold:   951        SH:  5    Dex:  5    Spells: 24/38 levels left

rFire   + + .      SeeInvis .   j - +3 eveningstar (vorpal)
rCold   . . .      Faith    .   (no shield)
rNeg    + . .      Spirit   .   c - +0 troll leather armour
rPois   ∞          Reflect  +   (no helmet)
rElec   +          Harm     .   q - +1 cloak
rCorr   .          Rampage  .   T - +0 pair of gloves
Will    +....                   (no boots)
Stlth   +.........              g - amulet of reflection
HPRegen 1.03/turn               s - ring of the Four Tusks {rF+ Str+4}
MPRegen 0.22/turn               A - ring of willpower

@: no status effects
A: sickness immunity, AC +9, negative energy resistance 1, electricity
resistance, torment resistance 1, petrification resistance
a: Renounce Religion, Fiery Armour, Foxfire Swarm


You were on level 2 of the Lair of Beasts.
You worshipped Ignis.
Ignis was pleased with you.
You visited 2 branches of the dungeon, and saw 12 of its levels.
You also visited: Sewer and Bailey.

You collected 951 gold pieces.

Inventory:

Hand Weapons
 a - a +0 mace of flaming
 j - a +3 vorpal eveningstar (weapon)
 o - a +4 short sword of electrocution
 C - a +2 rapier of flaming
Armour
 b - a +0 robe
 c - a +0 troll leather armour (worn)
 h - a +0 leather armour
 m - a +0 tower shield
 n - a +0 scale mail
 q - a +1 cloak (worn)
 D - the +0 scale mail of Parlour Games {rPois}
   (You found it on level 8 of the Dungeon)

   rPois:     It protects you from poison.
 E - a +0 plate armour
 K - a +0 kite shield
 P - a +2 tower shield
 T - a +0 pair of gloves (worn)
Jewellery
 e - an amulet of guardian spirit
 g - an amulet of reflection (around neck)
 s - the ring of the Four Tusks (left hand) {rF+ Str+4}
   (You acquired it on level 9 of the Dungeon)

   [ring of protection from fire]

   Str:       It affects your strength (+4).
   rF:        It protects you from fire.
 A - a ring of willpower (right hand)
 F - a ring of wizardry
Wands
 l - a wand of iceblast (18) (quivered)
 w - a wand of flame (33)
 y - a wand of digging (8)
 B - a wand of mindburst (9)
 G - a wand of polymorph (11)
 N - a wand of acid (3)
Scrolls
 f - 2 scrolls of poison
 i - 3 scrolls of magic mapping
 p - a scroll of silence
 u - 2 scrolls of teleportation
 v - a scroll of amnesia
 O - a scroll of identify
 Q - 2 scrolls of blinking {unknown}
Potions
 d - 4 potions of attraction
 k - 2 potions of lignification
 r - 3 potions of resistance
 t - 2 potions of haste
 z - a potion of degeneration
 H - 2 potions of mutation
 I - a potion of brilliance
 J - 2 potions of cancellation
 V - a potion of flight {unknown}
Miscellaneous
 M - a box of beasts (inert)
 U - a lightning rod (4/4)


   Skills:
 + Level 8.8 Fighting
 + Level 8.0 Maces & Flails
 + Level 13.4 Spellcasting
 + Level 8.9 Conjurations
 - Level 3.0 Fire Magic
 + Level 18.9 Earth Magic
 + Level 1.1 Evocations


You had 24 spell levels left.
You knew the following spells:

 Your Spells              Type           Power      Damage    Failure   Level
a - Scorch                Fire           48%        2d7       2%          2
b - Stone Arrow           Conj/Erth      100%       3d13      1%          3
c - Lee's Rapid Deconstr  Erth           35%        3d19*     1%          5
d - Animate Armour        Summ/Erth      96%        N/A       1%          4

Your spell library contained the following spells:

 Spells                   Type           Power      Damage    Failure   Level
 Sandblast                Erth           100%       2d20      0%          1
 Foxfire                  Conj/Fire      100%       2x1d9     1%          1
 Passwall                 Tmut/Erth      40%        N/A       1%          2
 Conjure Flame            Conj/Fire      35%        6-21      1%          3
 Flame Wave               Conj/Fire      35%        2d10      5%          4
 Slow                     Hex            48%        N/A       6%          1
 Inner Flame              Hex/Fire       18%        N/A       10%         3
 Fulminant Prism          Conj/Hex       14%        3d9       10%         4
 Iskenderun's Mystic Bla  Conj/Tloc      29%        2d7       10%         4
 Confusing Touch          Hex            12%        N/A       19%         3
 Frozen Ramparts          Ice            24%        1d4       19%         3
 Vampiric Draining        Necr           12%        2d6       19%         3
 Irradiate                Conj/Tmut      14%        3d16      26%         5
 Anguish                  Hex/Necr       6%         N/A       52%         4
 Ice Form                 Ice/Tmut       12%        N/A       52%         4
 Summon Ice Beast         Ice/Summ       12%        N/A       52%         4
 Lehudib's Crystal Spear  Conj/Erth      30%        10d8      78%         8
 Blade Hands              Tmut           6%         N/A       86%         5
 Dragon Form              Tmut           6%         N/A       100%        7
 Enfeeble                 Hex            6%         N/A       100%        7


Dungeon Overview and Level Annotations

Branches:
Dungeon (10/15)            Temple (0/1) D:7            Lair (2/5) D:10
 Spider (0/4) Lair:2          Orc (0/2) D:9           Sewer (visited)
 Bailey (visited)
  Swamp: Lair:2-3    Shoals: Lair:2-3

Altars:
Ashenzari
Cheibriados
Dithmenos
Gozag
Makhleb
Okawaru
Wu Jian
Yredelemnul
The Shining One


Innate Abilities, Weirdness & Mutations

You are immune to sickness and miasma.
Your stone body is resilient. (AC +9)
You are immune to poison.
You resist negative energy. (rN+)
You are resistant to electric shocks. (rElec)
You are resistant to unholy torment.
You are immune to petrification.


Message History

A nearby fungus withers and dies.
The black mamba bites you.
The black mamba attacks as you move away!
The black mamba closely misses you.
You can't see any enemies this would affect, really read the scroll of poison? [Y]es or [N]o only, please.
You can't see any enemies this would affect, really read the scroll of poison?
Okay, then.
Okay, then.
As you read the scroll of fear, it crumbles to dust.
You assume a fearsome visage.
The eight-headed hydra resists with some effort.
The black mamba looks frightened!
As you read the scroll of summoning, it crumbles to dust.
Wisps of shadow whirl around you... The eight-headed hydra bites you!
The eight-headed hydra completely misses you.
The eight-headed hydra bites you but does no damage.
You block the eight-headed hydra's attack.
The eight-headed hydra bites you but does no damage. x4
Your bullfrog hits the eight-headed hydra!
The eight-headed hydra attacks as you move away!
The eight-headed hydra bites you!
* * * LOW HITPOINT WARNING * * *
The eight-headed hydra bites you but does no damage.
You block the eight-headed hydra's attack.
The eight-headed hydra bites you!
* * * LOW HITPOINT WARNING * * *
You block the eight-headed hydra's attack.
The eight-headed hydra bites you.
* * * LOW HITPOINT WARNING * * *
The eight-headed hydra closely misses you.
The eight-headed hydra bites you!
* * * LOW HITPOINT WARNING * * *
Your bullfrog hits the eight-headed hydra.
Your bullfrog barely misses the eight-headed hydra.
Your bullfrog hits the eight-headed hydra.
As you read the scroll of fog, it crumbles to dust.
The scroll dissolves into smoke.
The eight-headed hydra bites you but does no damage.
The eight-headed hydra bites you!
You die...

#.'.#.÷..#.#.. #.#...#...#.....
#.###.#÷##..#. ..#..###..#....#
#.....#.##.#..
####..#.#.#..#...#.#######..#.##.
...##.##>#####...................
..##..#.#.#..#...####...#......÷.
.#[.#..###..#.....§..#.........##
....#.......#..§§§............#..
.....##...##..#P@DF..............
..##...###...###§§D...........#..
..##.....###....§............####
#..#.........#...#...#...P...P# #
...####.........>#.....##.....#
..............PP........#.....#
..............................#
....##...##........##.........#
.......#.###.......##.#....<....#


You could see an eight-headed hydra (ally target), a friendly seven-headed hydra
(summoned) and a friendly bullfrog (summoned).

Vanquished Creatures
  An orc warlord (Bailey)
  2 two-headed ogres
  2 orc knights (Bailey)
  A gargoyle (D:10)
  3 black mambas
  2 rime drakes
  3 cane toads
  2 unseen horrors (D:10)
  A yaktaur (D:10)
  4 trolls
  A polar bear (Lair:2)
  A meliai (Lair:2)
  A hornet (D:9)
  5 blink frogs (Lair:1)
  A vampire (D:10)
  4 shadows
  14 yaks
  A human (shapeshifter) (D:10)
  A basilisk (Lair:1)
  3 wraiths (D:10)
  3 wyverns
  A vampire mosquito (D:10)
  7 water moccasins
  Duvessa (D:6)
  5 orc warriors
  2 sky beasts
  A black bear (D:5)
  5 ice beasts
  A kobold brigand (D:9)
  6 bullfrogs
  2 gnoll sergeants
  5 scorpions
  11 wights
  Dowan (D:6)
  4 killer bees
  A troll zombie (D:9)
  4 howler monkeys
  2 centaur zombies (D:10)
  A gnoll bouda (D:9)
  5 orc priests
  4 hounds
  Ijyb (D:3)
  An iguana (D:6)
  Natasha (twice) (D:4)
  6 orc wizards
  A hell rat (Sewer)
  5 ogre zombies (D:9)
  16 gnolls
  5 adders
  3 river rats (Sewer)
  A white imp (D:7)
  3 worms
  6 dart slugs
  16 orcs
  11 ball pythons
  5 endoplasms
  2 giant cockroaches
  16 goblins
  13 hobgoblins
  2 jackals (D:2)
  6 quokkas
  3 bats
  6 frilled lizards
  2 goblin skeletons (D:9)
  2 goblin zombies (D:9)
  2 hobgoblin skeletons (D:9)
  29 kobolds
  3 orc skeletons (D:9)
  10 orc zombies (D:9)
  12 rats
315 creatures vanquished.

Vanquished Creatures (collateral kills)
  Fannar (Lair:1)
  A hydra (Lair:2)
  A black mamba (Lair:2)
  A komodo dragon (Lair:1)
  A polar bear (Lair:2)
  A yak (Lair:2)
  2 water moccasins (Lair:1)
  A bullfrog (Lair:1)
  4 killer bees (Lair:2)
  A white imp (D:6)
14 creatures vanquished.

Vanquished Creatures (others)
  A kobold brigand (D:9)
  16 foxfires (D:1)
  9 fungi
  12 plants
  4 toadstools (D:1)
42 creatures vanquished.

Grand Total: 371 creatures vanquished

Notes
Turn   | Place    | Note
-------+----------+-------------------------------------------
     0 | D:1      | Radix the Gargoyle Cinder Acolyte began the quest for the
                  | Orb.
     0 | D:1      | Reached XP level 1. HP: 14/14 MP: 2/2
    31 | D:1      | Reached XP level 2. HP: 13/19 MP: 3/3
   783 | D:1      | Found a faded altar of an unknown god.
   914 | D:2      | Reached XP level 3. HP: 21/24 MP: 4/4
  1141 | D:2      | Reached XP level 4. HP: 24/30 MP: 5/5
  1745 | D:3      | Found a glowing drain.
  1749 | Sewer    | Entered a sewer
  1776 | Sewer    | Reached XP level 5. HP: 23/34 MP: 4/6
  1791 | Sewer    | Learned a level 2 spell: Scorch
  1882 | Sewer    | Reached skill level 5 in Fighting
  2014 | D:3      | Noticed Ijyb
  2030 | D:3      | Killed Ijyb
  2645 | D:4      | Reached skill level 5 in Maces & Flails
  2645 | D:4      | Reached XP level 6. HP: 22/41 MP: 5/7
  3387 | D:4      | Noticed Natasha
  3395 | D:4      | Killed Natasha
  3598 | D:4      | Noticed Natasha
  3605 | D:4      | Killed Natasha
  3699 | D:5      | Entered Level 5 of the Dungeon
  3741 | D:5      | Reached XP level 7. HP: 38/47 MP: 6/8
  4387 | D:5      | Found a shadowy altar of Dithmenos.
  4930 | D:5      | Reached XP level 8. HP: 10/54 MP: 0/9
  5364 | D:5      | Identified 2 scrolls of acquirement
  5364 | D:5      | Acquired a +1 vorpal eveningstar
  5368 | D:5      | Acquired a manual of Earth Magic
  5458 | D:6      | Noticed a troll
  5463 | D:6      | Reached skill level 2 in Earth Magic
  5477 | D:5      | Killed a troll
  5478 | D:5      | Reached skill level 4 in Earth Magic
  5752 | D:6      | Reached skill level 5 in Earth Magic
  5982 | D:6      | Noticed Dowan
  5985 | D:6      | Noticed Duvessa
  6003 | D:6      | Killed Dowan
  6004 | D:6      | Reached skill level 6 in Earth Magic
  6517 | D:6      | Found a glowing golden altar of the Shining One.
  6731 | D:6      | Reached skill level 7 in Earth Magic
  6840 | D:6      | Killed Duvessa
  6842 | D:6      | HP: 1/54 [white imp/puff of frost (4)]
  6849 | D:6      | Reached XP level 9. HP: 7/58 MP: 0/15
  7125 | D:6      | Learned a level 3 spell: Stone Arrow
  7153 | D:6      | Reached skill level 8 in Earth Magic
  7722 | D:7      | Reached skill level 9 in Earth Magic
  7936 | D:7      | Reached skill level 10 in Earth Magic
  8107 | D:7      | Reached skill level 11 in Earth Magic
  8392 | D:7      | Found a staircase to the Ecumenical Temple.
  8661 | D:7      | Reached skill level 12 in Earth Magic
  8760 | D:8      | Reached skill level 13 in Earth Magic
  8780 | D:8      | Reached skill level 14 in Earth Magic
  8788 | D:8      | Reached skill level 15 in Earth Magic
  8788 | D:8      | Reached XP level 10. HP: 27/64 MP: 16/16
  8979 | D:8      | Found an ornate altar of the Wu Jian Council.
  8984 | D:8      | Found a snail-covered altar of Cheibriados.
  8988 | D:8      | Found a broken altar of Ashenzari.
  8997 | D:8      | Found an opulent altar of Gozag.
  9000 | D:8      | Found an iron altar of Okawaru.
  9005 | D:8      | Found a burning altar of Makhleb.
  9098 | D:8      | Identified the +0 scale mail of Parlour Games {rPois}
  9169 | D:8      | Noticed a two-headed ogre
  9176 | D:8      | Killed a two-headed ogre
  9177 | D:8      | Reached skill level 16 in Earth Magic
  9302 | D:8      | Found a flagged portal.
  9317 | Bailey   | Entered a bailey
  9400 | Bailey   | Noticed an orc warlord
  9419 | Bailey   | Noticed an orc knight
  9420 | Bailey   | Noticed an orc knight
  9436 | Bailey   | Killed an orc knight
  9461 | Bailey   | Killed an orc knight
  9462 | Bailey   | Reached skill level 17 in Earth Magic
  9671 | Bailey   | Found a runed translucent gate.
  9673 | Bailey   | Found a runed translucent gate.
  9675 | Bailey   | Found a runed translucent gate.
  9785 | Bailey   | Killed an orc warlord
  9786 | Bailey   | Reached skill level 18 in Earth Magic
 10181 | D:9      | Reached XP level 11. HP: 68/68 MP: 17/17
 10303 | D:9      | Reached skill level 5 in Spellcasting
 10468 | D:9      | Found a staircase to the Orcish Mines.
 10532 | D:9      | Learned a level 5 spell: Lee's Rapid Deconstruction
 10579 | D:9      | Acquired the ring of the Four Tusks {rF+ Str+4}
 10586 | D:9      | Reached XP level 12. HP: 73/73 MP: 20/28
 10676 | D:9      | Reached skill level 1 in Conjurations
 11213 | D:10     | Entered Level 10 of the Dungeon
 11348 | D:10     | Identified the +0 plate armour of Paranoia {*Slow rC+
                  | Will++ Str+3}
 11383 | D:10     | Noticed a two-headed ogre
 11397 | D:10     | Killed a two-headed ogre
 11512 | D:10     | Found a staircase to the Lair.
 11676 | D:10     | Reached skill level 5 in Conjurations
 12234 | D:10     | Found a basalt altar of Yredelemnul.
 12361 | Lair:1   | Entered Level 1 of the Lair of Beasts
 12542 | Lair:1   | Learned a level 4 spell: Animate Armour
 13215 | Lair:1   | Reached XP level 13. HP: 72/78 MP: 27/30
 13234 | Lair:1   | Noticed Fannar
 13242 | Lair:1   | Killed Fannar
 13389 | Lair:1   | You fall into a shaft and drop 1 floor!
 13641 | Lair:2   | Found a hole to the Spider Nest.
 13847 | Lair:2   | Reached skill level 1 in Evocations
 14030 | Lair:2   | HP: 2/80 [eight-headed hydra (7)]
 14033 | Lair:2   | Slain by an eight-headed hydra

Illustrated notes

Levels and vault maps discovered:
D:1:      ldierk_walled_garden_2, layout_rooms,
          shapermc_ecumenical_altar_mp_vishouse
D:2:      layout_loops_ring, minmay_tetromino_t4
D:3:      layout_rooms, gup_sewer_entry_bowl, uniq_ijyb
D:4:      layout_loops_corners, nicolae_figureground_sparkle, uniq_natasha
D:5:      layout_cave_pods, lemuel_doored_altar
D:6:      layout_layer_cave, tso_metal_star, grunt_ministairs_13, uniq_duvessa
D:7:      corexii_shack_village, layout_basic, temple_green
D:8:      layout_basic, nicolae_overflow_hallway_of_the_gods, enter_bailey_2
D:9:      layout_rooms, zombieorc1_lemuel, serial_corexii_hall,
          corexii_hall_statues_i, corexii_hall_statues_u,
          corexii_hall_statues_x, corexii_hall_statues_t,
          corexii_hall_statues_i, corexii_hall_statues_i, grunt_decor_clamped
D:10:     nzn_winding_woodlands_small [nzn_winding_woodlands_5x15_jagged,
          nzn_winding_woodlands_center_pierced_h,
          nzn_winding_woodlands_5x15_default], layout_gridville,
          lemuel_zombie_altar_yredelemnul, lair_entry_dummy
Lair:1:   layout_regular_city, uniq_fannar
Lair:2:   layout_misc_corridors, hellmonk_spider_entry_not_the_bees,
          st_stairs_5, minmay_shattered_shrine

Skill      XL: |  1  2  3  4  5  6  7  8  9 10 11 12 13 |
---------------+----------------------------------------+-----
Fighting       | 4 5 6 7 8 |  8.8
Maces & Flails | 4 5 7 8 |  8.0
Earth Magic    | 7 15 18 | 18.9
Spellcasting   | 4 12 13 | 13.4
Conjurations   | 8 |  8.9
Evocations     | 1 |  1.1
Fire Magic     | |  3.0

Action                   |  1- 3 |  4- 6 |  7- 9 | 10-12 | 13-15 || total
-------------------------+-------+-------+-------+-------+-------++-------
Melee: Mace              |    71 |   209 |       |       |       ||   280
       Punch             |       |     1 |     2 |     2 |       ||     5
       Rapier            |       |    13 |    85 |       |       ||    98
       Eveningstar       |       |       |   171 |   320 |    66 ||   557
 Cast: Stone Arrow       |       |       |     9 |    50 |    24 ||    83
       Scorch            |       |       |     1 |       |       ||     1
       Lee's Rapid Decon |       |       |       |    10 |       ||    10
       Animate Armour    |       |       |       |     5 |    10 ||    15
Invok: Foxfire Swarm     |     1 |       |       |       |       ||     1
       Fiery Armour      |     1 |     2 |     3 |     1 |       ||     7
       Rising Flame      |       |       |     1 |       |       ||     1
Evoke: Wand              |       |       |     8 |       |       ||     8
       Box of beasts     |       |       |       |       |     1 ||     1
  Use: Potion            |       |       |     4 |     8 |     1 ||    13
       Scroll            |       |       |    20 |     8 |     7 ||    35
Armor: Leather armour    |    15 |       |       |       |       ||    15
       Robe              |     7 |       |       |       |       ||     7
       Scale mail        |    16 |   144 |    14 |       |       ||   174
       Plate armour      |       |       |   158 |       |       ||   158
       Troll leather arm |       |       |    50 |   152 |    57 ||   259
Dodge: Dodged            |    52 |   124 |    91 |   171 |    97 ||   535
Block: Tower shield      |       |       |     3 |       |       ||     3
       Other             |       |       |    13 |    84 |    30 ||   127
       Reflection        |       |       |     1 |     2 |       ||     3
